 Dungeon Crawl Stone Soup version 0.28.0 (webtiles) character file.

Game seed: 2882658210218038518

44 lonewolfV2 the Grave Robber (level 3, 0/26 HPs)
             Began as a Ghoul Necromancer on Feb 9, 2022.
             Slain by an adder (3 damage)
             ... on level 2 of the Dungeon.
             The game lasted 00:04:01 (1798 turns).

lonewolfV2 the Grave Robber (Ghoul Necromancer)     Turns: 1798, Time: 00:04:02

Health: 0/26       AC:  2    Str: 11    XL:     3   Next: 62%
Magic:  0/5        EV: 12    Int: 12    God:
Gold:   87         SH:  0    Dex:  9    Spells: 4/6 levels left

rFire   . . .      SeeInvis .   e - staff of death
rCold   + . .      Faith    .   (no shield)
rNeg    + + +      Spirit   .   a - +0 robe
rPois   ∞          Reflect  .   (no helmet)
rElec   .          Harm     .   (no cloak)
rCorr   .          Rampage  .   (no gloves)
Will    .....                   (no boots)
Stlth   ++........              (no amulet)
HPRegen 0.00/turn               (no ring)
MPRegen 0.09/turn               (no ring)

@: inhibited regen
A: claws 1, cold resistance 1, negative energy resistance 3, inhibited
regeneration, torment resistance 2
a: no special abilities


You were on level 2 of the Dungeon.
You visited 1 branch of the dungeon, and saw 2 of its levels.

You collected 87 gold pieces.

Inventory:

Armour
 a - a +0 robe (worn)
Magical Staves
 e - a staff of death (weapon)
Jewellery
 g - an amulet of the acrobat
Potions
 b - a potion of degeneration {unknown}
 c - a potion of haste {unknown}
 d - a potion of curing {unknown}
 f - a potion of attraction {unknown}
 i - 2 potions of berserk rage


   Skills:
 + Level 1.7 Dodging
 + Level 2.3 Stealth
 + Level 0.4 Unarmed Combat
 + Level 2.4 Spellcasting
 + Level 4.7 Necromancy


You had 4 spell levels left.
You knew the following spells:

 Your Spells              Type           Power      Damage    Failure   Level
a - Pain                  Necr           76%        1d7       3%          1
b - Animate Skeleton      Necr           38%        N/A       3%          1

Your spell library contained the following spells:

 Spells                   Type           Power      Damage    Failure   Level
 Vampiric Draining        Necr           19%        2d7       12%         3
 Animate Dead             Necr           9%         N/A       36%         4
 Agony                    Necr           19%        N/A       71%         5


Dungeon Overview and Level Annotations

Branches:
Dungeon (2/15)

Altars:


Innate Abilities, Weirdness & Mutations

You thrive by killing the living.
You are immune to poison.
You have sharp fingernails.
Your flesh is cold resistant. (rC+)
You are immune to negative energy. (rN+++)
You do not regenerate when monsters are visible.
You are immune to unholy pain and torment.


Message History

Casting: Pain (safe; 3% risk of failure)
Confirm with . or Enter, or press ? or * to list all spells.
Aiming: Pain (safe; 3% risk of failure)
Press: ? - help, Shift-Dir - straight line, f - quokka
Aim: a quokka (chance to affect: 89%)
You feel a surge of power!
The quokka writhes in agony.
The quokka barely misses you.
Casting: Pain (safe; 3% risk of failure)
Confirm with . or Enter, or press ? or * to list all spells.
Aiming: Pain (safe; 3% risk of failure)
Press: ? - help, Shift-Dir - straight line, f/p - quokka
Aim: a quokka (moderately wounded, chance to affect: 89%)
You feel a surge of power!
The quokka writhes in agony.
You kill the quokka!
You feel better.
Unknown command.
You barely miss the ball python. The ball python bites you.
The ball python grabs you. The ball python constricts you.
The ball python loses its grip on you.
You hit the adder but do no damage. The adder bites you.
You barely miss the adder. The adder bites you. x2
You miss the adder. The adder barely misses you.
The adder bites you but does no damage.
You hit the adder but do no damage. The adder barely misses you.
You completely miss the adder. The adder bites you. x2
You closely miss the adder. The adder misses you.
You miss the adder. The adder closely misses you. The adder bites you.
* * * LOW HITPOINT WARNING * * *
You closely miss the adder. The adder bites you.
* * * LOW HITPOINT WARNING * * *
Casting: Pain (safe; 3% risk of failure)
Confirm with . or Enter, or press ? or * to list all spells.
You feel a surge of power!
You attempt to give life to the dead...
Before your eyes, flesh is ripped from the corpse!
The dead are hopping!
The adder bites you but does no damage.
Casting: Animate Skeleton (safe; 3% risk of failure)
Confirm with . or Enter, or press ? or * to list all spells.
You don't have enough magic to cast this spell.
You closely miss the adder. The adder bites you.
You die...

#######...#####
##.............#
#..####........########
#.## ##.......##>.....
#.# #.......##.##### #.#
#.......##.#.... #.##
####....##.#.... ##..#
+###.##...##.#.... ##.###
#@'...#...##.#....
#.##..SS###.##...##.#....
#.#.$.ll#.#'#....##.#....
#.#....Z#.......###.#)#'#
#.#.....#.###+#.###.#.#.#
#.##...##.......#...#†#..
##.#####........#.#.#'###
#..............#.#.#.#.#
#.###.....>.............


You could see an adder, a ball python, 2 frilled lizards and a friendly quokka
skeleton.

Vanquished Creatures
  3 dart slugs
  5 endoplasms
  3 goblins
  2 hobgoblins (D:2)
  2 quokkas (D:2)
  2 ball pythons
  5 bats
  A frilled lizard (D:1)
  5 kobolds
  5 rats
33 creatures vanquished.

Vanquished Creatures (collateral kills)
  A worm (D:2)
1 creature vanquished.

Vanquished Creatures (others)
  A plant (D:1)
1 creature vanquished.

Grand Total: 35 creatures vanquished

Notes
Turn   | Place    | Note
-------+----------+-------------------------------------------
     0 | D:1      | lonewolfV2 the Ghoul Necromancer began the quest for the
                  | Orb.
     0 | D:1      | Reached XP level 1. HP: 14/14 MP: 2/2
   285 | D:1      | Reached XP level 2. HP: 20/20 MP: 0/4
  1157 | D:2      | Identified a scroll of acquirement
  1157 | D:2      | Acquired a staff of death
  1185 | D:2      | Reached XP level 3. HP: 25/26 MP: 0/5
  1362 | D:2      | Learned a level 1 spell: Animate Skeleton
  1798 | D:2      | Slain by an adder

Illustrated notes

Levels and vault maps discovered:
D:1:      eino_arrival_water_cross, layout_rooms
D:2:      layout_basic, basic_altar, minmay_misc_feat_doors,
          minmay_misc_feat_cross, st_stairs_2, minmay_joined_circles

Skill      XL: |  1 |
---------------+----+-----
Spellcasting   | 2 |  2.4
Dodging        | |  1.7
Stealth        | |  2.3
Unarmed Combat | |  0.4
Necromancy     | |  4.7

Action                   || total
-------------------------++-------
Melee: Unarmed           ||    31
       Staff             ||    22
 Cast: Pain              ||    50
       Animate Skeleton  ||     3
  Use: Scroll            ||     4
Armor: Robe              ||    13
Dodge: Dodged            ||    34
